 Dungeon Crawl Stone Soup version 0.28.0-53-g5a82cb258f (webtiles) character file.

Game seed: 12221285023212999617

500 Jerry the Shield-Bearer (level 7, -4/37 HPs)
             Began as a Vine Stalker Fighter on July 30, 2022.
             Was a Follower of Uskayaw.
             Slain by a hornet (11 damage)
             ... while paralysed by a hornet
             ... on level 4 of the Dungeon.
             The game lasted 00:11:48 (3860 turns).

Jerry the Shield-Bearer (Vine Stalker Fighter)      Turns: 3860, Time: 00:11:49

Health: -4/37      AC:  8    Str: 19    XL:     7   Next: 16%
Magic:  0/9        EV:  2    Int:  8    God:    Uskayaw [*.....]
Gold:   178        SH:  0    Dex: 21    Spells: 6/6 levels left

rFire   . . .      SeeInvis .   a - +0 rapier
rCold   . . .      Faith    .   c - +0 buckler
rNeg    . . .      Spirit   +   b - +0 scale mail
rPois   .          Reflect  .   g - +0 helmet
rElec   .          Harm     .   (no cloak)
rCorr   .          Rampage  .   (no gloves)
Will    .....                   (no boots)
Stlth   ..........              d - amulet of magic regeneration
HPRegen 0.92/turn               m - +6 ring of dexterity
MPRegen 0.51/turn               (no ring)

@: paralysed, lethally poisoned (-4 -> -9), slowed
A: fangs 2, regeneration 1, magic shield, antimagic bite, no potion heal 2
a: Renounce Religion, Stomp


You were on level 4 of the Dungeon.
You worshipped Uskayaw.
Uskayaw was noncommittal.
You visited 1 branch of the dungeon, and saw 4 of its levels.
You also visited: Sewer.

You collected 178 gold pieces.

Inventory:

Hand Weapons
 a - a +0 rapier (weapon)
Missiles
 f - a curare-tipped dart (quivered)
Armour
 b - a +0 scale mail (worn)
 c - a +0 buckler (worn)
 g - a +0 helmet (worn)
Jewellery
 d - an amulet of magic regeneration (around neck)
 m - a +6 ring of dexterity (left hand)
Scrolls
 i - a scroll of immolation
 k - 3 scrolls of brand weapon {unknown}
 l - 2 scrolls of enchant weapon {unknown}
 n - a scroll of enchant armour {unknown}
 r - a scroll of magic mapping
Potions
 e - a potion of flight
 h - a potion of haste {unknown}
 j - a potion of heal wounds {unknown}
 o - a potion of attraction
 p - a potion of might
 q - a potion of lignification {unknown}
 t - a potion of cancellation {unknown}


   Skills:
 + Level 4.1 Fighting
 + Level 3.5 Short Blades
 + Level 3.7 Armour
 + Level 4.1 Shields
 + Level 2.0 Invocations


You had 6 spell levels left.
You didn't know any spells.
Your spell library was empty.

Dungeon Overview and Level Annotations

Branches:
Dungeon (4/15)              Sewer (visited)
 Temple: D:4-7

Altars:
Elyvilon
Hepliaklqana
Kikubaaqudgha
Nemelex Xobeh
Okawaru
Sif Muna
Uskayaw
Zin


Innate Abilities, Weirdness & Mutations

You have extremely sharp teeth.
Your natural rate of healing is unusually fast.
When hurt, damage is shared between your health and your magic reserves.
Your bite disrupts and absorbs the magic of your enemies.
Potions cannot restore your health.


Message History

You climb downwards.
Found 17 stones.
There is a stone staircase leading up here.
You see here 17 stones.
A ball python comes into view.
A ball python is nearby!
A ball python is nearby!
The ball python hisses angrily.
You puncture the ball python!
You kill the ball python!
No target in view!
A hornet comes into view.
The hornet buzzes angrily.
A hornet is nearby!
You throw a curare-tipped dart.
The curare-tipped dart misses the hornet.
The hornet misses you.
You miss the hornet. You bite the hornet. You drain its power.
The hornet is lightly wounded.
The hornet stings you!
You are poisoned.
You feel yourself slow down. The hornet stings you.
You feel as though you will be slow longer.
You closely miss the hornet.
The hornet is lightly wounded.
You feel very sick. The hornet stings you!
You are more poisoned.
You feel as though you will be slow longer.
You block the hornet's attack.
Your system rejects the healing.
You feel better. The hornet stings you.
You suddenly lose the ability to move!
The hornet stings you.
* * * LOW HITPOINT WARNING * * *
You feel as though you will be slow longer.
The hornet stings you.
* * * LOW HITPOINT WARNING * * *
You are poisoned.
You feel as though you will be slow longer.
The hornet stings you!
You die...

##### #....# #....#
#....# #....# # #....#
###.#....###############
...........@y.....(.....
##.....#######.######
#.##......# #.########.
#..#(####.# #.....y....
######.#.# #†.........
.........## #..........
..........# #..........
######...# #..........
#....<...# #..........


You could see a hornet.

Vanquished Creatures
  An ogre (D:2)
  3 kobold brigands (Sewer)
  An orc priest (D:3)
  5 adders
  5 river rats (Sewer)
  5 worms
  2 dart slugs
  3 orcs (D:3)
  7 endoplasms
  4 giant cockroaches
  3 goblins
  6 hobgoblins
  10 jackals
  10 ball pythons
  2 bats
  8 frilled lizards
  7 kobolds
  7 rats
89 creatures vanquished.

Vanquished Creatures (others)
  3 fungi (D:1)
  9 plants
12 creatures vanquished.

Grand Total: 101 creatures vanquished

Notes
Turn   | Place    | Note
-------+----------+-------------------------------------------
     0 | D:1      | Jerry the Vine Stalker Fighter began the quest for the Orb.
     0 | D:1      | Reached XP level 1. HP: 11/11 MP: 2/2
   215 | D:1      | Reached XP level 2. HP: 13/16 MP: 3/3
   619 | D:1      | Found a faded altar of an unknown god.
   720 | D:1      | Reached XP level 3. HP: 15/20 MP: 4/4
  1405 | D:2      | Noticed an ogre
  1415 | D:2      | Killed an ogre
  1416 | D:2      | Gained mutation: Your natural rate of healing is unusually
                  | fast. [Vine Stalker growth]
  1416 | D:2      | Reached XP level 4. HP: 12/24 MP: 2/5
  1416 | D:2      | Reached XP level 5. HP: 14/28 MP: 2/6
  2086 | D:3      | Found a sparkling altar of Nemelex Xobeh.
  2086 | D:3      | Found a white marble altar of Elyvilon.
  2086 | D:3      | Found a hide-covered altar of Uskayaw.
  2086 | D:3      | Found a hazy altar of Hepliaklqana.
  2088 | D:3      | Found a shimmering blue altar of Sif Muna.
  2088 | D:3      | Found an ancient bone altar of Kikubaaqudgha.
  2089 | D:3      | Found an iron altar of Okawaru.
  2092 | D:3      | Became a worshipper of Uskayaw the Reveller
  2189 | D:3      | Reached * piety under Uskayaw
  2369 | D:3      | Reached ** piety under Uskayaw
  2378 | D:3      | Reached *** piety under Uskayaw
  2420 | D:3      | Found a glowing drain.
  2425 | Sewer    | Entered a sewer
  2446 | Sewer    | Reached XP level 6. HP: 33/33 MP: 7/7
  2540 | Sewer    | Reached skill level 1 in Invocations
  2779 | Sewer    | Reached XP level 7. HP: 10/37 MP: 6/9
  3756 | D:3      | Found a glowing silver altar of Zin.
  3847 | D:4      | Noticed a hornet
  3859 | D:4      | Paralysed by a hornet for 3 turns
  3860 | D:4      | Slain by a hornet

Illustrated notes

Levels and vault maps discovered:
D:1:      sevenhm_arrival_forest_fort_small_5, layout_basic,
          shapermc_ecumenical_altar_mp_urbaneastern, roderic_serpentine_path
D:2:      layout_basic, serial_curves, eino_curves_01, eino_curves_01,
          eino_curves_03, eino_curves_01
D:3:      minmay_wonky_spiral, layout_basic, zin_treasury,
          grunt_temple_overflow_open, lightli_sewer_entry_pipes, minivault_14
D:4:      layout_basic, kennysheep_mini_moat

Skill      XL: |  1  2  3  4  5  6  7 |
---------------+----------------------+-----
Short Blades   | 2 3 |  3.5
Fighting       | 3 4 |  4.1
Shields        | 3 4 |  4.1
Armour         | 3 |  3.7
Invocations    | 1 2 |  2.0

Action                   |  1- 3 |  4- 6 |  7- 9 || total
-------------------------+-------+-------+-------++-------
Melee: Rapier            |    59 |   187 |    31 ||   277
       Bite              |    13 |    50 |     8 ||    71
Throw: Dart              |       |       |     1 ||     1
  Use: Potion            |     1 |     1 |     1 ||     3
       Scroll            |       |     6 |       ||     6
 Stab: Paralysed         |       |     1 |       ||     1
Armor: Scale mail        |    21 |    56 |     5 ||    82
Dodge: Dodged            |    20 |    69 |     9 ||    98
Block: Buckler           |    15 |    49 |     5 ||    69
